 Dungeon Crawl Stone Soup version 0.30-a0-553-g7fabdf1491 (webtiles) character file.

Game seed: 14006640525806185043

1720343 Zonian the Slayer (level 27, 228/228 HPs)
             Began as a Djinni Ice Elementalist on Dec 22, 2022.
             Was a High Priest of Ashenzari.
             Escaped with the Orb
             ... and 4 runes on Dec 26, 2022!
             The game lasted 07:49:12 (133044 turns).

Zonian the Slayer (Djinni Ice Elementalist)       Turns: 133044, Time: 07:49:12

Health: 228/228    AC: 26    Str: 15    XL:     27
Gold:   4768       EV: 29    Int: 29    God:    Ashenzari [*****.] SH: 19 Dex: 23

rFire   + + +      SeeInvis +    L - +8 double sword "Uxiriph" {venom, Int+3 Stlth+}
rCold   . . .      Faith    .    A - +2 kite shield of the Shackled Sky {reflect, Self, Cun} (curse)
rNeg    . . .      Spirit   .    x - +1 faerie dragon scales {rElec rCorr MP+9, Evo, Melee} (curse)
rPois   ∞          Reflect  +    S - +1 helmet "Behold Eternity" {Dex+4, Melee, Self} (curse)
rElec   +          Harm     .    f - scarf "Mistrust of Ashenzari" {rC+ rF+, Evo, Fort} (curse)
rCorr   +          Rampage  +    t - +0 pair of gloves of the Fated Jealousy {Rampage Str+4 Int+4, Fort, Self} (curse)
Will    ++...      Clarity  +    (boots unavailable)
Stlth   +++                      E - amulet "Dismay of Ashenzari" {Regen+ Dex+4, Range, Self} (curse)
HPRegen 1.38/turn                k - ring of the Tortoise {AC+8, Self, Melee} (curse)
MPRegen 0.00/turn                (no ring)

@: flying, studying Axes
A: sickness immunity, fire resistance 2, cold vulnerability 1, float, innate
caster, HP casting, extra vitality 1, dopey 2
0: Orb of Zot
}: 4/15 runes: serpentine, barnacled, slimy, silver
a: Renounce Religion, Curse Item, Shatter the Chains


You escaped.
You worshipped Ashenzari.
Ashenzari was extremely pleased with you.
You visited 13 branches of the dungeon, and saw 57 of its levels.
You visited 1 ziggurat, and saw 10 of its levels.
You also visited: Ice Cave and Volcano.

You collected 10675 gold pieces.
You spent 5907 gold pieces at shops.

Inventory:

Hand Weapons
 r - the +11 rapier of Ru's Indignation {vorpal, rF+ rC+}
   (You took it off a merfolk javelineer on level 3 of the Shoals)

   It inflicts extra damage upon your enemies.
   rF:        It protects you from fire.
   rC:        It protects you from cold.
 u - the +10 short sword "Gaequosi" {antimagic, rC- Str+5}
   (You found it on level 2 of the Depths)

   It reduces the magical energy of the wielder, and disrupts the spells and
   magical abilities of those it strikes.
   Natural abilities and divine invocations are not affected.
   Str:       It affects your strength (+5).
   rC:        It makes you vulnerable to cold.
 v - the +4 dagger of Autumn {antimagic, rN+ Str-3 Int+7 Dex+2}
   (You took it off a red draconian on level 5 of the Realm of Zot)

   It reduces the magical energy of the wielder, and disrupts the spells and
   magical abilities of those it strikes.
   Natural abilities and divine invocations are not affected.
   Str:       It affects your strength (-3).
   Int:       It affects your intelligence (+7).
   Dex:       It affects your dexterity (+2).
   rN:        It protects you from negative energy.
 L - the +8 double sword "Uxiriph" (weapon) {venom, Int+3 Stlth+}
   (You took it off a deep elf death mage on level 3 of the Elven Halls)

   It poisons the flesh of those it strikes.
   Int:       It affects your intelligence (+3).
   Stlth:     It makes you more stealthy.
 Z - the +10 quick blade of Causality {venom, Dex+3}
   (You acquired it on level 11 of the Dungeon)

   It poisons the flesh of those it strikes.
   Dex:       It affects your dexterity (+3).
Missiles
 a - 14 boomerangs of dispersal
 m - 10 javelins
 o - 12 throwing nets
 B - 2 curare-tipped darts
 T - 20 silver javelins
Armour
 f - the cursed scarf "Mistrust of Ashenzari" (worn) {rC+ rF+, Evo, Fort}
   (You bought it in a shop on level 2 of the Orcish Mines)

   It has a curse which improves the following skills: Evocations: Evocations.
   Fortitude: Armour and Shields.
 t - the cursed +0 pair of gloves of the Fated Jealousy (worn) {Rampage Str+4 Int+4, Fort, Self}
   (You acquired it on level 3 of the Elven Halls)

   Str:       It affects your strength (+4).
   Int:       It affects your intelligence (+4).
   Rampage:   It bestows one free step when moving towards enemies.
   It has a curse which improves the following skills: Fortitude: Armour and
   Shields.
   Introspection: Fighting and Spellcasting.
 x - the cursed +1 faerie dragon scales (worn) {rElec rCorr MP+9, Evo, Melee}
   (You took it off the Enchantress on level 3 of the Depths)

   rElec:     It insulates you from electricity.
   MP:        It affects your magic capacity (+9).
   rCorr:     It protects you from acid and corrosion.
   It has a curse which improves the following skills: Evocations: Evocations.
   Melee Combat: Short Blades, Long Blades, Axes, Maces & Flails, Polearms,
   Staves and Unarmed Combat.
 A - the cursed +2 kite shield of the Shackled Sky (worn) {reflect, Self, Cun}
   (You took it off Donald on level 2 of the Orcish Mines)

   It has a curse which improves the following skills: Introspection: Fighting
   and Spellcasting.
   Cunning:   Dodging and Stealth.
 S - the cursed +1 helmet "Behold Eternity" (worn) {Dex+4, Melee, Self}
   (You found it in a volcano)

   Dex:       It affects your dexterity (+4).
   It has a curse which improves the following skills: Melee Combat: Short
   Blades, Long Blades, Axes, Maces & Flails, Polearms, Staves and Unarmed
   Combat.
   Introspection: Fighting and Spellcasting.
Jewellery
 k - the cursed ring of the Tortoise (left hand) {AC+8, Self, Melee}
   (You bought it in a shop on level 2 of the Elven Halls)

   [ring of protection]

   AC:        It affects your AC (+8).
   It has a curse which improves the following skills: Introspection: Fighting
   and Spellcasting.
   Melee Combat: Short Blades, Long Blades, Axes, Maces & Flails, Polearms,
   Staves and Unarmed Combat.
 E - the cursed amulet "Dismay of Ashenzari" (around neck) {Regen+ Dex+4, Range, Self}
   (You found it on level 4 of the Shoals)

   [amulet of regeneration]

   Dex:       It affects your dexterity (+4).
   Regen:     It increases your rate of health regeneration.
   It has a curse which improves the following skills: Ranged Combat: Ranged
   Weapons and Throwing.
   Introspection: Fighting and Spellcasting.
Wands
 d - a wand of light (1)
 l - a wand of iceblast (12)
 q - a wand of digging (12)
 s - a wand of paralysis (31)
 D - a wand of flame (74)
 P - a wand of mindburst (9)
Scrolls
 n - 7 scrolls of silence
 w - 5 scrolls of teleportation
 F - 4 scrolls of magic mapping
 H - a scroll of fog
 I - 5 scrolls of butterflies
 M - 6 scrolls of poison
 N - a scroll of fear
Potions
 b - 2 potions of berserk rage
 i - 2 potions of mutation
 z - a potion of ambrosia
 K - 5 potions of invisibility
 Q - 3 potions of resistance
 R - 10 potions of might
 V - 10 potions of brilliance
Miscellaneous
 c - a condenser vane (inert)
 e - a phantom mirror
 g - a lightning rod (4/4)
 h - the horn of Geryon (inert)
 j - a box of beasts (inert)
 p - a phial of floods
 G - a tin of tremorstones (2/2)


   Skills:
 - Level 21.0(27) Fighting
 - Level 11.0(16.8) Short Blades
 - Level 11.1(16.9) Long Blades
 - Level 9.6(12.0) Throwing
 + Level 18.9(22.1) Armour
 - Level 19.9(22.0) Dodging
 - Level 15.8(18.0) Stealth
 - Level 16.7(20.0) Shields
 - Level 21.0(27) Spellcasting
 - Level 16.7(20.0) Evocations


You couldn't memorise any spells.
You knew the following spells:

 Your Spells              Type           Power      Damage    Failure   Level
a - Freeze                Ice            100%       1d10      0%          1
b - Frozen Ramparts       Ice            100%       1d16      0%          3
c - Ozocubu's Armour      Ice            100%       N/A       0%          3
d - Summon Ice Beast      Ice/Summ       100%       N/A       0%          4
e - Kiss of Death         Conj/Necr      100%       2d13      0%          1
f - Fireball              Conj/Fire      57%        3d22      0%          5
g - Vampiric Draining     Necr           100%       2d13      0%          3
h - Summon Lightning Spi  Summ/Air       100%       N/A       0%          4
i - Fulminant Prism       Conj/Hex       57%        3d24      0%          4
j - Call Imp              Summ           100%       N/A       0%          2
k - Statue Form           Tmut/Erth      76%        N/A       0%          6
l - Eringya's Noxious Bo  Tmut/Pois      57%        N/A       0%          6
m - Starburst             Conj/Fire      57%        6d15      0%          6
n - Maxwell's Capacitive  Air            57%        ∞         1%          8
o - Monstrous Menagerie   Summ           57%        N/A       0%          7
p - Lehudib's Crystal Sp  Conj/Erth      57%        10d13     1%          8
q - Shatter               Erth           57%        3d43*     1%          9
Your spell library was empty.

Dungeon Overview and Level Annotations

Branches:
Dungeon (15/15)            Temple (1/1) D:7            Lair (5/5) D:10
 Shoals (4/4) Lair:2        Snake (4/4) Lair:3        Slime (5/5) Lair:5
    Orc (2/2) D:9             Elf (3/3) Orc:2        Vaults (5/5) D:14
  Crypt (3/3) Vaults:3       Tomb (0/3) Crypt:3      Depths (4/4) D:15
   Hell (visited)             Dis (0/7) Hell            Geh (0/7) Hell
    Coc (0/7) Hell            Tar (0/7) Hell            Zot (5/5) Depths:4
  IceCv (visited)         Volcano (visited)

Altars:
Ashenzari
Cheibriados
Dithmenos
Elyvilon
Fedhas
Gozag
Hepliaklqana
Makhleb
Nemelex Xobeh
Okawaru
Qazlal
Ru
Trog
Uskayaw
Wu Jian
Xom
Yredelemnul
Zin
The Shining One
Jiyva

Shops:
D:7 !   D:10 [   D:12 =   D:13 *   Orc:2 :*[(   Elf:1 =[   Elf:2 (==?=*?
Elf:3 (=![   Shoals:3 [   Snake:1 *   Snake:4 (   Depths:1 [:*

Portals:
Hell: Depths:1 Depths:2 Depths:3 Depths:4
Abyss: D:15 Depths:3
Pandemonium: Depths:2
Trove: Depths:2 (give 6 scrolls of fog)

Annotations:
Shoals:2 Roxanne
Zot:2 3 runed translucent doors, Zeaxzic Paph's ghost, veteran OgBe


Innate Abilities, Weirdness & Mutations

You are immune to sickness and miasma.
You are immune to poison.
Your flesh is very heat resistant. (rF++)
You are vulnerable to cold. (rC-)
You float through the air rather than walking.
You learn spells naturally, not from books.
Your magical power is your life essence.
You have superior vitality. (+4 MHP)
You are very dopey. (Int -4)


Message History

Your manticore closely misses the Brimstone Fiend.
You open the lid... ...and an elder oxshock beast leaps out!
The box is emptied!
A lorocyproca comes into view.
Unknown command.
Unknown command.
Your elder oxshock beast bursts into living lightning!
The living lightning hits the Brimstone Fiend!!
Your elder oxshock beast blinks!
The great orb of eyes gazes at you. You resist with almost no effort.
Unknown command.
Okay, then.
As you read the scroll of fog, it crumbles to dust.
The scroll dissolves into smoke.
The Brimstone Fiend hits something but does no damage. x2
The Brimstone Fiend hits something!
You reach down and open the door.
The Brimstone Fiend hits something but does no damage.
The Brimstone Fiend hits something!
The Brimstone Fiend hits something.
The great orb of eyes convulses!
There is an open door here.
Unknown command.
You slice the great orb of eyes!!
The great orb of eyes looks as sick as possible!
The great orb of eyes is almost dead.
You kill the great orb of eyes!
Unknown command.
You hear the wailing of the damned!
Your elder oxshock beast disappears in a puff of smoke!
You see here a +0 chain mail.
There is an open door here.
There is a staircase leading out of the dungeon here.
You start resting.
HP restored.
You start waiting.
An ice devil comes into view.
Unknown command.
You have escaped!

...............##.####.###.#.#.#.
..[..........[....##.............
.#.#.#########.##.####.###)#.#.#.
.#.............#..# #...........
.##.####.#######[## #####.#.#.#.
.##.#####.### #.# ###.#........
........##..####'####..##..#.##.{
.####.#.####..'...'..####........
.# #.#.# ####.@.#### #..#.#... .#
#.H.####..'...'..####..H..... .#
##..##4.####'####..##.{#.#.#. .#
#..#.### #.# ###.#..#..... .#
#..################...#.#.#. .#
#.......H................... .#
##...#####..###..##...#.#.#. .#
#.......#..###.....###.#.#. .#
###........................#.


You could see an ice devil.

Vanquished Creatures
  the Royal Jelly (Slime:5)
  Dissolution (Slime:4)
  5 dread liches
  4 ancient liches
  Mara (Snake:4)
  4 orbs of fire
  Parghit (Zot:3)
  A royal mummy (Zig:7)
  Vashnia (Snake:2)
  13 Killer Klowns
  Bai Suzhen (Shoals:4)
  Xtahua (Vaults:5)
  5 curse toes
  Geryon (Hell)
  8 golden dragons
  the Enchantress (Depths:3)
  Nikola (Snake:4)
  A profane servitor (Crypt:3)
  2 Brimstone Fiends
  6 electric golems
  3 hellephants
  16 tentacled monstrosities
  A Hell Sentinel (D:2)
  3 Ice Fiends (Zig:9)
  A walking earthen tome (Depths:2)
  5 liches
  11 titans
  25 Orb Guardians
  6 quicksilver dragons
  An acid blob (shapeshifter) (Zig:10)
  A deep elf blademaster (Elf:2)
  5 deep elf master archers
  18 acid blobs
  Murray (Depths:3)
  The ghost of Strat the Severer, an adept MeBe of Trog (Snake:4)
  A tentacled starspawn (D:15)
  An Executioner (Zot:1)
  9 ancient champions
  A kraken (Shoals:1)
  10 death cobs
  7 sphinxes
  8 shadow dragons
  Polyphemus (Shoals:2)
  Agnes (Snake:4)
  8 tengu reavers
  25 storm dragons
  Donald (Orc:2)
  A nargun (Zig:9)
  2 draconian monks
  6 revenants
  A fenstrider witch (shapeshifter) (Zig:10)
  14 nagarajas
  12 azure jellies
  Ilsuiw (Shoals:2)
  8 rockslimes
  6 draconian knights
  A demonspawn warmonger (D:1)
  4 fire giants
  18 vault wardens
  A daeva (D:15)
  2 ghost moths
  4 iron dragons
  4 curse skulls
  8 deep elf sorcerers
  6 frost giants
  2 balrugs
  A juggernaut zombie (Crypt:2)
  Aizul (Snake:2)
  8 draconian stormcallers
  8 draconian scorchers
  5 deep elf elementalists (Elf:3)
  7 ghouls
  10 draconian shifters
  5 orc warlords
  A caustic shrike zombie (Crypt:2)
  11 draconian annihilators
  14 ironbound preservers
  Louise (Shoals:1)
  2 caustic shrike skeletons
  20 very ugly things
  11 reapers
  4 spriggan defenders (Depths:3)
  6 ironbound thunderhulks
  9 stone giants
  14 quicksilver oozes
  11 green draconians
  4 war gargoyles
  4 eleionomae (Depths:3)
  A putrid mouth (Hell)
  9 white draconians
  7 vampire knights
  10 black draconians
  6 deep elf annihilators
  A demonspawn black sun (Zot:5)
  2 lorocyprocas
  12 red draconians
  7 deep elf demonologists
  11 dire elephants
  The ghost of IdlyInterested the Carver, a journeyman DsGl of Okawaru (D:15)
  The ghost of Darkkill the Fighter, a journeyman MiHu of Gozag (Lair:3)
  3 spark wasps
  11 purple draconians
  7 yellow draconians
  8 eidola
  7 merfolk javelineers
  7 deep elf death magi
  7 ettins
  4 wendigos
  2 blizzard demons
  A crystal guardian (Vaults:3)
  4 green deaths
  11 jiangshi
  9 mummy priests
  13 yaktaur captains
  5 merfolk impalers
  Josephine (D:11)
  4 fire dragons
  A spriggan zombie (Crypt:1)
  5 deep elf high priests
  10 great orbs of eyes
  Fannar (D:10)
  2 entropy weavers
  4 rakshasas (Depths:2)
  4 ice dragons
  2 catoblepae
  Erolcha (D:11)
  An alligator snapping turtle (Shoals:4)
  13 ironbound frosthearts
  6 salamander tyrants
  3 hell beasts
  A peacekeeper (Vaults:3)
  38 vault guards
  An anaconda (shapeshifter) (Depths:2)
  4 hydras
  14 anacondas
  2 ogre magi (Vaults:5)
  A fenstrider witch zombie (Crypt:2)
  4 spriggan air magi
  2 merfolk avatars (Shoals:4)
  4 merfolk aquamancers (Shoals:4)
  A radroach (shapeshifter) (Vaults:5)
  5 death knights
  31 dancing weapons
  An alligator (shapeshifter) (Vaults:5)
  19 centaur warriors
  3 boulder beetles
  6 hell hogs (Hell)
  7 vampire magi
  8 satyrs
  8 death yaks
  6 deep troll shamans
  18 naga warriors
  6 deep troll earth magi
  A thrashing horror (D:15)
  7 tengu warriors
  13 naga sharpshooters
  4 orc high priests
  6 spriggan berserkers
  A shock serpent (shapeshifter) (Vaults:5)
  7 shock serpents
  4 soul eaters
  20 deep elf knights
  7 salamander mystics
  20 sun demons
  5 shadow wraiths
  A sixfirhy (D:12)
  30 skeletal warriors
  An iron giant zombie (Crypt:3)
  8 iron trolls
  7 sea snakes
  2 orb spiders (shapeshifter)
  11 hell knights
  4 flayed ghosts
  A goliath frog (Lair:5)
  40 deep trolls
  A bunyip zombie (Crypt:2)
  A swamp dragon (shapeshifter) (Depths:4)
  A shadow demon (Depths:3)
  An orange crystal statue (Zig:3)
  4 glowing orange brains
  2 bog bodies
  9 wizards
  16 naga ritualists
  A bunyip skeleton (Crypt:2)
  20 ironbound convokers
  An anaconda skeleton (Crypt:3)
  11 harpies
  21 phantasmal warriors
  A frost giant zombie (Vaults:1)
  4 obsidian statues
  21 deep elf pyromancers
  22 deep elf zephyrmancers
  12 deep elf archers
  6 lindwurms
  15 orc knights
  A jorogumo zombie (Crypt:3)
  8 necromancers
  A mana viper (shapeshifter) (D:15)
  A shining eye (shapeshifter) (Vaults:5)
  5 orc sorcerers
  12 cyclopes
  2 iron dragon zombies (Crypt:1)
  20 salamanders
  3 mana vipers
  35 ugly things
  An eleionoma zombie (Crypt:3)
  2 salamanders (shapeshifter)
  23 manticores
  6 shining eyes
  19 fauns
  12 merfolk sirens
  Maurice (D:10)
  25 moths of wrath
  7 guardian serpents
  A torpor snail (Lair:3)
  7 rust devils
  18 elephants
  27 naga magi
  An apocalypse crab (Zig:10)
  8 water nymphs
  A dire elephant zombie (Crypt:1)
  2 eyes of devastation (Depths:3)
  5 molten gargoyles (Hell)
  2 titan simulacra (Hell)
  37 black mambas
  20 vault sentinels
  A gargoyle (D:12)
  15 cane toads
  10 smoke demons
  2 centaur skeletons (Crypt:3)
  3 hellions
  5 efreet
  28 yaktaurs
  2 tormentors
  2 unseen horrors (D:11)
  A dire elephant skeleton (Crypt:2)
  An iron troll zombie (Crypt:3)
  2 kobold demonologists (D:14)
  9 komodo dragons
  An alligator snapping turtle skeleton (Crypt:3)
  4 tengu conjurers
  A rime drake (Lair:1)
  8 freezing wraiths
  A harpy zombie (Crypt:3)
  An ice devil (Depths:3)
  9 trolls
  6 guardian mummies
  A red devil (Hell)
  2 catoblepas skeletons (Crypt:1)
  41 merfolk
  A queen bee (Lair:2)
  An iron troll skeleton (Crypt:1)
  A merfolk (shapeshifter) (Vaults:5)
  A golden dragon simulacrum (Hell)
  2 meliai (D:14)
  3 tyrant leeches (Lair:5)
  A queen bee (shapeshifter) (Vaults:5)
  A shadow dragon simulacrum (Zig:9)
  A tengu simulacrum (Hell)
  A minotaur skeleton (Crypt:2)
  10 hornets
  2 polar bears (Lair:4)
  117 slime creatures
  6 wind drakes
  A hornet (shapeshifter) (Vaults:5)
  A harpy skeleton (Crypt:1)
  13 snapping turtles
  33 blink frogs
  11 dream sheep
  2 guardian serpent skeletons
  Sigmund (D:3)
  A large abomination (Zot:1)
  A culicivora (shapeshifter) (Vaults:5)
  7 ushabtiu
  A culicivora (Vaults:4)
  5 flying skulls
  2 vampires
  A fire dragon skeleton (Crypt:3)
  12 spriggans
  13 water elementals
  19 yaks
  4 air elementals
  An ice dragon skeleton (Crypt:3)
  An alligator snapping turtle simulacrum (Hell)
  17 wraiths
  A dire elephant simulacrum (Hell)
  6 basilisks
  A chaos spawn (Zig:10)
  20 humans (D:14)
  A yak (shapeshifter) (Elf:3)
  10 golden eyes
  7 fire elementals
  7 redbacks
  21 vampire mosquitoes
  Menkaure (D:6)
  An elf skeleton (Vaults:1)
  2 steam dragons
  3 wargs
  12 water moccasins
  45 nagas
  A deep troll zombie (Crypt:1)
  A harpy simulacrum (Hell)
  A merfolk zombie (Crypt:3)
  An acid dragon (D:10)
  A floating eye (shapeshifter) (Zig:10)
  2 floating eyes
  A glowing shapeshifter zombie (Vaults:1)
  3 glowing shapeshifter skeletons
  5 hell hounds (Hell)
  A hornet zombie (Crypt:2)
  45 orc warriors
  A deep troll skeleton (Crypt:1)
  A black bear (shapeshifter) (D:14)
  2 ice beasts
  A black bear (Lair:4)
  An elephant zombie (Crypt:3)
  5 ogres
  A swamp dragon zombie (Crypt:1)
  A hog zombie (Crypt:1)
  17 wolves
  A black mamba simulacrum (Crypt:1)
  14 centaurs
  A swamp dragon skeleton (Crypt:1)
  3 boggarts (Vaults:4)
  2 phantoms
  A rime drake zombie (Crypt:1)
  A fire crab zombie (Crypt:3)
  9 kobold brigands
  A necrophage (Crypt:2)
  A draconian zombie (Crypt:2)
  15 bullfrogs
  4 earth elementals
  3 scorpions
  A cane toad simulacrum (IceCv)
  3 wights (D:9)
  A polar bear zombie (Crypt:2)
  33 killer bees
  15 electric eels
  4 crimson imps (D:10)
  3 howler monkeys
  5 hounds
  18 jellies
  A jelly (shapeshifter) (Vaults:5)
  31 orc priests
  Natasha (thrice) (D:3)
  4 hell rats
  Ijyb (D:5)
  3 iguanas
  20 orc wizards
  A polar bear simulacrum (IceCv)
  A spriggan simulacrum (IceCv)
  A troll simulacrum (IceCv)
  24 mummies
  Robin (D:3)
  2 naga simulacra
  8 adders
  A white imp (IceCv)
  3 ufetubi (IceCv)
  An iguana skeleton (Crypt:2)
  119 orcs
  9 endoplasms
  2 giant cockroaches (D:1)
  29 goblins
  7 hobgoblins
  3 jackals (D:4)
  2 quokkas (D:1)
  5 ball pythons
  3 bats
  2 frilled lizards (D:1)
  A gnoll skeleton (Crypt:1)
  26 kobolds
  5 rats
  A fire vortex (Volcano)
  A lurking horror (D:15)
  2 starspawn tentacles (D:15)
  A tentacle (Shoals:1)
2730 creatures vanquished.

Vanquished Creatures (collateral kills)
  A Killer Klown (Zot:5)
  3 tentacled monstrosities (Zot:1)
  3 Orb Guardians (Zot:5)
  2 deep elf blademasters (Elf:3)
  An acid blob (Slime:5)
  2 sphinxes
  An ancient champion (Crypt:3)
  A nagaraja (Snake:4)
  A revenant (Crypt:2)
  A balrug (D:1)
  2 draconian scorchers (Zot:1)
  A draconian shifter (Zot:2)
  A deep elf elementalist (Elf:3)
  A very ugly thing (Depths:4)
  A green draconian (Zot:1)
  A white draconian (Zot:1)
  A black draconian (Zot:3)
  A deep elf annihilator (Elf:3)
  2 yellow draconians (Zot:1)
  2 red draconians
  A deep elf death mage (Elf:3)
  2 fire dragons (Depths:4)
  3 deep elf high priests (Elf:3)
  A hydra (Lair:3)
  A rakshasa (Depths:2)
  Harold (D:9)
  A great orb of eyes (Vaults:3)
  An ironbound frostheart (Vaults:2)
  An ice dragon (Depths:4)
  A two-headed ogre (D:10)
  A deep troll earth mage (Depths:2)
  A death yak (Lair:4)
  A soul eater (Zot:5)
  A sun demon (D:1)
  Nergalle (Lair:1)
  A salamander mystic (Snake:4)
  A skeletal warrior (D:12)
  2 lindwurms
  A phantasmal warrior (Crypt:2)
  An ironbound convoker (Vaults:1)
  A deep elf pyromancer (Elf:3)
  4 ugly things
  An orc sorcerer (Orc:2)
  A manticore (Lair:4)
  A salamander (Snake:3)
  A moth of wrath (Zot:5)
  2 elephants
  A black mamba (Lair:1)
  2 cane toads
  A rime drake (Lair:4)
  A polar bear (Lair:3)
  2 blink frogs (Lair:4)
  5 slime creatures
  A satyr zombie (Crypt:2)
  A wyvern (Lair:1)
  5 yaks
  A basilisk (D:14)
  A human (D:14)
  2 steam dragons (D:8)
  A naga (Snake:2)
  An acid dragon (D:8)
  An orc warrior (Orc:2)
  A water moccasin (Lair:4)
  A black bear (Lair:4)
  A centaur (D:8)
  A bullfrog (D:9)
  A necrophage (D:7)
  6 wights
  An orc priest (D:9)
  2 orc wizards
  3 orcs
107 creatures vanquished.

Vanquished Creatures (others)
  A fire giant (Depths:1)
  A draconian knight (Zot:1)
  A war gargoyle (Vaults:5)
  A red draconian (Zot:5)
  A salamander tyrant (Snake:2)
  A naga warrior (Snake:4)
  A vault sentinel (Vaults:3)
  A naga (Snake:4)
  An orc warrior (D:10)
  A hell rat (Hell)
  A bush (Lair:4)
  8 fulminant prisms
  48 fungi
  305 plants
  23 tentacles
395 creatures vanquished.

Grand Total: 3232 creatures vanquished

Notes
Turn   | Place    | Note
-------+----------+-------------------------------------------
     0 | D:1      | Zonian the Djinni Ice Elementalist began the quest for the
                  | Orb.
     0 | D:1      | Zonian set off with the following spells memorised: Freeze,
                  | Frozen Ramparts, Ozocubu's Armour, Summon Ice Beast.
     0 | D:1      | Reached XP level 1. HP: 15/15 MP: 0/0
   261 | D:1      | Reached XP level 2. HP: 20/21 MP: 0/0
  1044 | D:1      | Reached XP level 3. HP: 25/25 MP: 0/0
  1044 | D:1      | Learned a level 1 spell: Kiss of Death
  2951 | D:3      | Noticed Natasha
  3032 | D:3      | Reached XP level 4. HP: 29/31 MP: 0/0
  3756 | D:3      | Noticed Robin
  3948 | D:3      | Killed Natasha
  4146 | D:3      | Noticed Natasha
  4162 | D:3      | Killed Natasha
  4163 | D:3      | Reached XP level 5. HP: 5/35 MP: 0/0
  4163 | D:3      | Learned a level 2 spell: Call Imp
  4387 | D:3      | Noticed Sigmund
  4405 | D:3      | Killed Sigmund
  4406 | D:3      | Reached skill level 5 in Spellcasting
  4406 | D:3      | Reached XP level 6. HP: 33/40 MP: 0/0
  4829 | D:3      | Noticed Natasha
  4835 | D:3      | Killed Natasha
  4863 | D:3      | Killed Robin
  4864 | D:3      | Reached XP level 7. HP: 42/45 MP: 0/0
  4864 | D:3      | Learned a level 3 spell: Vampiric Draining
  5188 | D:4      | Found a stormy altar of Qazlal.
  5483 | D:4      | Identified the +4 hand axe of Doom {vorpal, Str+5 Int+3}
  6011 | D:4      | Reached XP level 8. HP: 48/50 MP: 0/0
  6361 | D:5      | Entered Level 5 of the Dungeon
  6390 | D:5      | Reached skill level 1 in Shields
  6646 | D:5      | Reached XP level 9. HP: 77/78 MP: 0/0
  6646 | D:5      | Learned a level 4 spell: Summon Lightning Spire
  6647 | D:5      | Reached skill level 10 in Spellcasting
  6647 | D:5      | Reached XP level 10. HP: 85/85 MP: 0/0
  6844 | D:5      | Noticed Ijyb
  6848 | D:5      | Killed Ijyb
  8007 | D:6      | Noticed Menkaure
  8010 | D:6      | Killed Menkaure
  9071 | D:7      | Found a staircase to the Ecumenical Temple.
  9075 | D:7      | Identified the +0 cloak of Absolutism {Dex+2}
  9080 | Temple   | Entered the Ecumenical Temple
  9085 | Temple   | Became a worshipper of Ashenzari the Shackled
  9421 | D:7      | Found Guompyha's Distillery.
  9449 | D:7      | Bought a potion of curing for 45 gold pieces
  9449 | D:7      | Bought a potion of haste for 150 gold pieces
  9449 | D:7      | Bought a potion of heal wounds for 75 gold pieces
  9449 | D:7      | Bought a potion of curing for 45 gold pieces
  9902 | D:8      | Reached XP level 11. HP: 29/90 MP: 0/0
  9902 | D:8      | Learned a level 4 spell: Fulminant Prism
 10019 | D:8      | Found a blossoming altar of Fedhas.
 10865 | D:8      | Reached * piety under Ashenzari
 11529 | D:8      | Reached skill level 5 in Dodging
 11985 | D:8      | Found a snail-covered altar of Cheibriados.
 13260 | D:9      | Reached skill level 5 in Shields
 13330 | D:9      | Found a staircase to the Orcish Mines.
 13638 | D:9      | Noticed Harold
 13661 | D:9      | Killed Harold
 14101 | D:10     | Entered Level 10 of the Dungeon
 14145 | D:10     | Noticed Fannar
 14198 | D:10     | Found a staircase to the Lair.
 14223 | D:10     | Reached skill level 5 in Stealth
 14616 | Lair:1   | Entered Level 1 of the Lair of Beasts
 14669 | Lair:1   | Noticed Nergalle
 14677 | Lair:1   | Killed Nergalle
 14736 | Lair:1   | Reached XP level 12. HP: 40/96 MP: 0/0
 15974 | Lair:1   | Reached skill level 1 in Short Blades
 17107 | Lair:2   | Reached skill level 5 in Short Blades
 17615 | Lair:2   | Noticed a five-headed hydra
 17621 | Lair:2   | Killed a five-headed hydra
 17622 | Lair:2   | Reached XP level 13. HP: 100/102 MP: 0/0
 17622 | Lair:2   | Learned a level 5 spell: Fireball
 18049 | Lair:2   | Reached ** piety under Ashenzari
 18074 | Lair:2   | Found a staircase to the Shoals.
 18465 | Lair:3   | Found a staircase to the Snake Pit.
 18703 | Lair:3   | Found a transporter.
 18708 | Lair:3   | Found a transporter.
 18709 | Lair:3   | Found a bloodstained altar of Trog.
 18721 | Lair:3   | Noticed Darkkill's ghost (journeyman MiHu)
 19059 | Lair:3   | Reached skill level 1 in Evocations
 19318 | Lair:3   | Reached *** piety under Ashenzari
 19322 | Lair:3   | Noticed a six-headed hydra
 19364 | Lair:3   | Killed a six-headed hydra
 20317 | Lair:4   | Reached skill level 5 in Evocations
 20870 | Lair:4   | Noticed a catoblepas
 20905 | Lair:4   | Killed a catoblepas
 21764 | Lair:3   | Reached XP level 14. HP: 30/112 MP: 0/0
 23295 | Lair:4   | Identified the +1 leather armour of Anwatzul {*Slow rF+++
                  | rCorr}
 23376 | Lair:5   | Entered Level 5 of the Lair of Beasts
 23708 | Lair:5   | Found a basalt altar of Yredelemnul.
 23777 | Lair:5   | Reached **** piety under Ashenzari
 23850 | Lair:5   | Reached skill level 1 in Armour
 24081 | Lair:5   | Reached skill level 5 in Armour
 25501 | Lair:5   | Found a staircase to the Slime Pits.
 25511 | Lair:5   | Found a viscous altar of Jiyva.
 26073 | D:10     | Found a shimmering altar of Xom.
 26095 | D:10     | Found Xeunev's Antique Armour Emporium.
 26099 | D:10     | Found a white marble altar of Elyvilon.
 26117 | D:10     | Bought a pitted cloak for 228 gold pieces
 26117 | D:10     | Identified the +2 cloak of Temnes {rN+ Str+4 Slay-4} (You
                  | bought it in a shop on level 10 of the Dungeon)
 26117 | D:10     | Bought a glowing chain mail for 180 gold pieces
 26117 | D:10     | Bought a shiny ring mail for 168 gold pieces
 26117 | D:10     | Bought a distressingly furry scale mail for 216 gold pieces
 26117 | D:10     | Identified the +6 scale mail of Othi Yrru {rPois rCorr
                  | Str+3} (You bought it in a shop on level 10 of the Dungeon)
 26150 | D:10     | Noticed Maurice
 26156 | D:10     | Killed Maurice
 26442 | D:10     | Reached XP level 15. HP: 114/122 MP: 0/0
 26442 | D:10     | Learned a level 6 spell: Statue Form
 26455 | D:10     | Found an ornate altar of the Wu Jian Council.
 26661 | D:11     | Found a frozen archway.
 26671 | D:11     | Noticed Josephine
 26678 | D:11     | Killed Josephine
 26729 | IceCv    | Entered an ice cave
 27482 | D:11     | Noticed Erolcha
 27490 | D:11     | Killed Erolcha
 28350 | D:11     | Identified a scroll of acquirement
 28359 | D:11     | Acquired the +10 quick blade of Causality {venom, Dex+3}
 29619 | D:12     | Found Cyigas's Jewellery Boutique.
 29713 | D:12     | Identified the cursed +2 robe "Paranoia of Ashenzari"
                  | {Archmagi, Self, Fort} (You took it off Sigmund on level 3
                  | of the Dungeon)
 31410 | D:13     | Found Paily's General Store.
 31418 | D:13     | Bought a potion of heal wounds for 75 gold pieces
 32103 | D:14     | Found a gate to the Vaults.
 32427 | D:13     | Reached skill level 10 in Dodging
 32551 | D:12     | Bought an amulet of reflection for 330 gold pieces
 32604 | D:14     | Found the amulet of the Air {Inacc Air Fly rElec RMsl}
 32666 | D:14     | Reached XP level 16. HP: 75/129 MP: 0/0
 32896 | D:14     | Reached skill level 10 in Stealth
 34496 | D:14     | Found a glowing silver altar of Zin.
 34801 | D:15     | Entered Level 15 of the Dungeon
 34852 | D:15     | Found a one-way gate to the infinite horrors of the Abyss.
 34852 | D:15     | Noticed IdlyInterested's ghost (journeyman DsGl)
 34854 | D:15     | Identified the +5 falchion of a wizard's laboratory
                  | {protect, MP+9}
 34855 | D:15     | Noticed a tentacled starspawn
 34859 | D:15     | Found a transporter.
 35008 | D:15     | Found a transporter.
 35669 | D:15     | Noticed a storm dragon
 35858 | D:15     | Noticed a daeva
 35916 | D:15     | Found a staircase to the Depths.
 36484 | D:10     | Killed Fannar
 36676 | Orc:1    | Entered Level 1 of the Orcish Mines
 36809 | Orc:2    | Entered Level 2 of the Orcish Mines
 36809 | Orc:2    | Noticed Donald
 36832 | Orc:1    | Reached ***** piety under Ashenzari
 37034 | Orc:1    | Found a dark tunnel.
 37041 | Volcano  | Entered a volcano
 37416 | Volcano  | Identified the +1 helmet of Resourcefulness {Dex+4}
 38058 | Orc:1    | Reached skill level 15 in Fighting
 38058 | Orc:1    | Reached XP level 17. HP: 135/135 MP: 0/0
 38058 | Orc:1    | Learned a level 6 spell: Eringya's Noxious Bog
 39698 | Orc:2    | Found Kufeloanos's Antique Armour Boutique.
 39734 | Orc:2    | Found Eschus's Antique Weapon Boutique.
 39738 | Orc:2    | Found Waceof's General Store.
 39738 | Orc:2    | Found Ahemigg's Book Shop.
 39743 | Orc:2    | Bought an embroidered scarf for 224 gold pieces
 40150 | Orc:2    | Killed Donald
 40185 | Orc:2    | Reached XP level 18. HP: 149/149 MP: 0/0
 40186 | Orc:2    | Reached skill level 10 in Evocations
 40375 | Orc:2    | Found a staircase to the Elven Halls.
 40585 | Snake:1  | Entered Level 1 of the Snake Pit
 40597 | Snake:1  | Found Viaseini's Assorted Antiques.
 40622 | Snake:1  | Found a glowing golden altar of the Shining One.
 41338 | Snake:2  | Identified the Vellum of Hurtful Misery
 41387 | Snake:2  | Found a transporter.
 41388 | Snake:2  | Identified the +1 pair of boots of Toos {Harm}
 41817 | Snake:2  | Noticed Vashnia
 41849 | Snake:2  | Killed Vashnia
 42359 | Snake:2  | Noticed Aizul
 42366 | Snake:2  | Killed Aizul
 44626 | Snake:3  | Reached XP level 19. HP: 53/157 MP: 0/0
 44626 | Snake:3  | Learned a level 6 spell: Starburst
 46284 | Snake:4  | Entered Level 4 of the Snake Pit
 46298 | Snake:4  | Found a runed translucent gate.
 46298 | Snake:4  | Found a runed translucent gate.
 46298 | Snake:4  | Found a runed translucent gate.
 46299 | Snake:4  | Found an opulent altar of Gozag.
 46300 | Snake:4  | Noticed Strat's ghost (adept MeBe)
 46353 | Snake:4  | Found Cugudwer's Weapon Boutique.
 46607 | Snake:4  | Noticed Nikola
 46615 | Snake:4  | Killed Nikola
 46935 | Snake:4  | Noticed Agnes
 46947 | Snake:4  | Killed Agnes
 47918 | Snake:4  | Noticed Mara
 48194 | Snake:4  | Killed Mara
 50361 | Snake:4  | Got a serpentine rune of Zot
 50370 | Snake:4  | Upgraded the game from 0.30-a0-509-gd016549fea to
                  | 0.30-a0-528-g8c47a4955b
 50517 | Shoals:1 | Entered Level 1 of the Shoals
 50517 | Shoals:1 | Noticed Louise
 50522 | Shoals:1 | Killed Louise
 50579 | Shoals:1 | Reached XP level 20. HP: 167/167 MP: 0/0
 51253 | Shoals:1 | Reached skill level 10 in Shields
 52102 | Shoals:2 | Noticed Ilsuiw
 52111 | Shoals:2 | Killed Ilsuiw
 52124 | Shoals:2 | Noticed Polyphemus
 52128 | Shoals:1 | HP: 6/167 [barbs]
 53514 | Shoals:2 | Identified Roxanne's Essays on Forms
 53514 | Shoals:2 | Noticed Roxanne
 53521 | Shoals:2 | HP: 2/167 [faun/sling bullet (14)]
 54555 | Shoals:2 | Killed Polyphemus
 56380 | Shoals:3 | Identified the +11 rapier of Ru's Indignation {vorpal, rF+
                  | rC+}
 56649 | Shoals:3 | Found Tarhunz's Dragon-Slaying Spoils.
 56916 | Shoals:4 | Entered Level 4 of the Shoals
 57680 | Shoals:4 | Noticed Bai Suzhen
 57689 | Shoals:4 | Killed Bai Suzhen
 57942 | Shoals:4 | Identified the +0 leather armour of Yxoi {Dex+2}
 57959 | Shoals:4 | Identified the amulet of Tempters {Regen+ Dex+4}
 58126 | Shoals:4 | Reached XP level 21. HP: 81/176 MP: 0/0
 58126 | Shoals:4 | Learned a level 8 spell: Maxwell's Capacitive Coupling
 58633 | Shoals:4 | Reached skill level 10 in Armour
 59218 | Shoals:4 | Identified the +9 mace of Mourning {protect, Int+4}
 59921 | Shoals:4 | Got a barnacled rune of Zot
 60272 | Shoals:3 | Bought quicksilver dragon scales for 780 gold pieces
 60514 | Elf:1    | Entered Level 1 of the Elven Halls
 60519 | Elf:1    | Paralysed by an air elemental for 1 turns
 61485 | Elf:1    | Paralysed by an air elemental for 1 turns
 61844 | Elf:1    | Paralysed by an air elemental for 1 turns
 62053 | Elf:1    | Found Xepteorch's Armour Shop.
 62053 | Elf:1    | Found Seuskuwn's Jewellery Boutique.
 63129 | Elf:2    | Found Datzuj's Assorted Antiques.
 63219 | Elf:2    | Found a runed translucent gate.
 63219 | Elf:2    | Found a runed translucent gate.
 63219 | Elf:2    | Found a runed translucent gate.
 63352 | Elf:2    | Found Birghud's Magic Scroll Shop.
 63670 | Elf:2    | Found a magical portal.
 63725 | Elf:2    | Found Fyimouci's Jewellery Emporium.
 64241 | Elf:3    | Entered Level 3 of the Elven Halls
 64241 | Elf:3    | Found Ilix's Jewellery Emporium.
 64241 | Elf:3    | Found Goecvovep's Distillery.
 64250 | Elf:3    | Found Juaredap's Weapon Emporium.
 64268 | Elf:3    | Bought a potion of haste for 160 gold pieces
 64327 | Elf:3    | Acquired the +0 pair of gloves "Xofu" {Rampage Str+4 Int+4}
 64397 | Elf:3    | Found Qenew's Armour Boutique.
 64853 | Elf:3    | Identified the +3 flail "Furafong" {distort, Dex+6}
 64853 | Elf:3    | Identified the ring of Guycutaf {rN+ Str+6 Dex+3}
 65094 | Elf:3    | Identified the +12 morningstar of Diet Blood {elec, rElec
                  | rN+ Dex+2}
 65103 | Elf:3    | Identified the +9 flail "Uqiag" {vorpal, rElec rC- Stlth+}
 65218 | Elf:2    | Found Quske's Antique Weapon Shoppe.
 65527 | Elf:2    | Found Mugebius's Jewellery Emporium.
 65530 | Elf:2    | Found Sowoj's Jewellery Emporium.
 65560 | Elf:2    | Found Rejareme's Magic Scroll Shoppe.
 65563 | Elf:2    | Bought a scroll of blinking for 112 gold pieces
 65563 | Elf:2    | Bought a scroll of blinking for 112 gold pieces
 66092 | Elf:3    | Reached skill level 10 in Short Blades
 67043 | Elf:3    | Identified the +8 double sword "Uxiriph" {venom, Int+3
                  | Stlth+}
 67047 | Elf:3    | Identified the +8 scimitar "Viuxki" {flame, Fragile rF+
                  | Str+4 Dex+4}
 67923 | Elf:3    | Reached XP level 22. HP: 114/177 MP: 0/0
 68266 | Elf:3    | Identified the ring "Idasi" {*Slow rF+ rN+++ Str+4 Dex+5}
 69857 | Elf:3    | Identified Ysucuet's Quarto of the Loathsome Snake
 69857 | Elf:3    | Identified Vehumet's Guide on Damage Dealing
 70412 | Vaults:1 | Entered Level 1 of the Vaults
 72080 | Vaults:1 | Reached skill level 15 in Spellcasting
 72554 | Vaults:1 | Reached skill level 1 in Long Blades
 73366 | Vaults:2 | Reached skill level 5 in Long Blades
 75132 | Vaults:2 | Reached XP level 23. HP: 189/189 MP: 0/0
 75132 | Vaults:2 | Learned a level 7 spell: Monstrous Menagerie
 76321 | Vaults:3 | Reached skill level 10 in Long Blades
 76591 | Vaults:3 | Found a staircase to the Crypt.
 80743 | Vaults:4 | Reached XP level 24. HP: 147/198 MP: 0/0
 81324 | Vaults:4 | Identified the +2 arbalest "Dapaomeklu" {flame, rN++ Will+}
 81325 | Vaults:4 | Identified the +11 arbalest "Vuraun" {flame, Stlth+}
 82143 | D:15     | Killed IdlyInterested's ghost
 82665 | Lair:3   | Killed Darkkill's ghost
 82839 | Snake:2  | Found a transporter.
 83161 | Snake:4  | Killed Strat's ghost
 83520 | Elf:2    | Bought the ring of the Tortoise {AC+8} for 1920 gold pieces
 83520 | Elf:2    | Found the ring of the Tortoise {AC+8}
 83762 | Elf:2    | Bought a scroll of teleportation for 45 gold pieces
 85375 | Snake:1  | Bought a wand of mindburst (10) for 420 gold pieces
 86583 | Vaults:5 | Entered Level 5 of the Vaults
 86595 | Vaults:4 | Reached skill level 1 in Throwing
 88553 | Vaults:5 | Reached XP level 25. HP: 58/193 MP: 0/0
 88553 | Vaults:5 | Learned a level 8 spell: Lehudib's Crystal Spear
 89030 | Vaults:5 | Got a silver rune of Zot
 89526 | Vaults:5 | Reached skill level 15 in Dodging
 89686 | Vaults:5 | Identified the ring "Nethuxij" {rC- rCorr Str+4}
 90254 | Vaults:5 | Noticed Xtahua
 90256 | Vaults:5 | Killed Xtahua
 90760 | Vaults:5 | Reached skill level 15 in Stealth
 91243 | Depths:1 | Entered Level 1 of the Depths
 91309 | Depths:1 | Found an opulent altar of Gozag.
 91465 | Depths:1 | Found Iplygaffa's Assorted Antiques.
 91472 | Depths:1 | Bought a potion of heal wounds for 235 gold pieces
 91583 | Depths:1 | Found Ulaussa's Armour Emporium.
 91728 | Depths:1 | Found a gateway to Hell.
 91871 | Depths:1 | Found Mutuw's Book Shoppe.
 92221 | Depths:2 | Found a portal to a secret trove of treasure.
 92570 | Depths:2 | Identified the +10 short sword "Gaequosi" {antimagic, rC-
                  | Str+5}
 93124 | Depths:2 | Reached XP level 26. HP: 131/215 MP: 0/0
 93419 | Depths:2 | Found a one-way gate leading to the halls of Pandemonium.
 94387 | Depths:3 | Found a one-way gateway to a ziggurat.
 94394 | Depths:3 | Paralysed by a floating eye for 2 turns
 95782 | Depths:3 | Identified the +3 quarterstaff "Jirr" {vorpal, rCorr}
 95782 | Depths:3 | Noticed the Enchantress
 95788 | Depths:3 | Identified the ring of Efia {Wiz Str+2}
 95799 | Depths:3 | Killed the Enchantress
 96412 | Depths:4 | Entered Level 4 of the Depths
 97232 | Depths:4 | Found a gate to the Realm of Zot.
 99041 | Depths:4 | Acquired 943 gold pieces
 99814 | Crypt:1  | Entered Level 1 of the Crypt
100619 | Crypt:1  | Reached XP level 27. HP: 192/221 MP: 0/0
100619 | Crypt:1  | Learned a level 9 spell: Shatter
101288 | Crypt:1  | Found the +10 Black Knight's barding {ponderous, rPois rN+}
102088 | Crypt:2  | Identified the Codex of Despicable Rites
102407 | Crypt:2  | Found a basalt altar of Yredelemnul.
102407 | Crypt:2  | Identified the amulet of Tomorrow {-Cast *Corrode rElec
                  | Regen+ Str+8}
102407 | Crypt:2  | Identified the amulet of Befaq {Fragile Regen+ Int+9}
102864 | Crypt:2  | Identified the Vademecum on Blasphemous Secrets
103537 | Crypt:3  | Entered Level 3 of the Crypt
103537 | Crypt:3  | Found a basalt altar of Yredelemnul.
105075 | Crypt:3  | Found a staircase to the Tomb.
105176 | Crypt:3  | Found a basalt altar of Yredelemnul.
105176 | Crypt:3  | Identified the ring "Rewkaur" {rPois MP+9 Str-3 SInv}
105196 | Crypt:3  | Identified the +12 glaive "Ceuzudao" {speed, +Blink Dex+4}
106302 | Slime:1  | Entered Level 1 of the Pits of Slime
106661 | Slime:4  | Noticed Dissolution
106664 | Slime:4  | Killed Dissolution
107387 | Slime:5  | Entered Level 5 of the Pits of Slime
107640 | Slime:4  | Gained mutation: Your spells are a little easier to cast,
                  | but a little less powerful. [a shining eye]
107644 | Slime:4  | Gained mutation: You occasionally lose the ability to drink
                  | potions when taking damage. [a shining eye]
107853 | Slime:4  | Gained mutation: You sometimes lose your temper in combat.
                  | [a shining eye]
107973 | Slime:5  | Gained mutation: Your movements are slightly less
                  | encumbered by armour. (ER -2) [a shining eye]
107984 | Slime:4  | Upgraded the game from 0.30-a0-528-g8c47a4955b to
                  | 0.30-a0-534-gdc55766716
109193 | Slime:5  | Noticed the Royal Jelly
109202 | Slime:5  | Killed the Royal Jelly
110153 | Slime:5  | Found the +15 Maxwell's patent armour {-Cast -Tele rElec
                  | Will+ rCorr}
110158 | Slime:5  | Identified the amulet "Zamad" {Faith Str+4}
110163 | Slime:5  | Identified the +5 hand axe of Tabrask {protect, rElec
                  | Str+2}
110164 | Slime:5  | Identified the ring of Illaim {Drain rF+ Str+6 Int+6
                  | Slay-3}
110164 | Slime:5  | Identified the Incunabulum of Elsewhere
110168 | Slime:5  | Got a slimy rune of Zot
110212 | Slime:5  | Found the +7 mace of Variability {chain chaos}
110825 | Zot:1    | Entered Level 1 of the Realm of Zot
110825 | Zot:1    | Noticed an orb of fire
112055 | Zot:1    | Noticed an orb of fire
112682 | D:12     | Lost mutation: You occasionally lose the ability to drink
                  | potions when taking damage. [potion of mutation]
112682 | D:12     | Lost mutation: Your movements are slightly less encumbered
                  | by armour. (ER -2) [potion of mutation]
112682 | D:12     | Gained mutation: Your muscles are strong. (Str +4, Int/Dex
                  | -1) [potion of mutation]
112682 | D:12     | Gained mutation: You occasionally lose the ability to drink
                  | potions when taking damage. [potion of mutation]
112682 | D:12     | Gained mutation: You are robust. (+10% HP) [potion of
                  | mutation]
112813 | Lair:2   | Lost mutation: Your spells are a little easier to cast, but
                  | a little less powerful. [potion of mutation]
112813 | Lair:2   | Lost mutation: You are robust. (+10% HP) [potion of
                  | mutation]
112813 | Lair:2   | Lost mutation: Your muscles are strong. (Str +4, Int/Dex
                  | -1) [potion of mutation]
112813 | Lair:2   | Lost mutation: You sometimes lose your temper in combat.
                  | [potion of mutation]
113046 | Elf:3    | Lost mutation: You occasionally lose the ability to drink
                  | potions when taking damage. [potion of mutation]
113736 | Zot:1    | Gained mutation: You are dopey. (Int -2) [an orb of fire]
113739 | Zot:1    | Killed an orb of fire
114823 | Zot:2    | Identified the +7 broad axe "Etufolef" {vamp, *Corrode
                  | Int+3}
114974 | Zot:2    | Found a runed translucent gate.
114974 | Zot:2    | Found a runed translucent gate.
114974 | Zot:2    | Found a runed translucent gate.
114975 | Zot:2    | Noticed Zeaxzic Paph's ghost (veteran OgBe)
116063 | Zot:2    | Reached skill level 15 in Evocations
117073 | Zot:3    | Noticed a Killer Klown
117076 | Zot:3    | Noticed Parghit
117328 | Zot:2    | Killed a Killer Klown
117785 | Zot:3    | Killed Parghit
117968 | Zot:3    | Reached skill level 15 in Armour
117974 | Zot:3    | Noticed an ancient lich
117974 | Zot:3    | Noticed a Killer Klown
118061 | Zot:3    | Noticed a Killer Klown
118075 | Zot:3    | a Killer Klown changed into a shadow dragon
118118 | Zot:3    | Noticed a Killer Klown
118276 | Zot:3    | Killed a Killer Klown
118276 | Zot:3    | Noticed a Killer Klown
118282 | Zot:3    | Killed a Killer Klown
118303 | Zot:3    | Killed a Killer Klown
118314 | Zot:3    | Noticed a Killer Klown
118556 | Zot:3    | Killed an ancient lich
118706 | Zot:3    | Killed a Killer Klown
119581 | Zot:4    | Noticed a Killer Klown
119588 | Zot:4    | Killed a Killer Klown
120526 | Zot:4    | Reached skill level 5 in Throwing
121094 | Zig:1    | Entered Level 1 of a ziggurat
121112 | Zig:2    | Entered Level 2 of a ziggurat
121112 | Zig:2    | Noticed a dread lich
121116 | Zig:2    | Killed a dread lich
121129 | Zig:3    | Entered Level 3 of a ziggurat
121129 | Zig:3    | Identified the ring "Wizoklasu" {rPois Will+ rCorr Str-2
                  | Int+4}
121151 | Zig:4    | Entered Level 4 of a ziggurat
121153 | Zig:4    | Identified the +0 chain mail of Cof Fas {rC- rCorr Dex+2
                  | SInv}
121639 | Zig:5    | Entered Level 5 of a ziggurat
121792 | Zig:6    | Entered Level 6 of a ziggurat
121996 | Zig:7    | Entered Level 7 of a ziggurat
122000 | Zig:7    | Noticed a royal mummy
122005 | Zig:7    | Killed a royal mummy
122217 | Zig:8    | Entered Level 8 of a ziggurat
122228 | Zig:8    | Identified the +1 helmet of Lucidity {rElec Int+4 Stlth+}
122334 | Zig:9    | Entered Level 9 of a ziggurat
122690 | Zig:9    | Identified the +3 morningstar of Zin's Generosity {elec,
                  | rPois Int+6}
122691 | Zig:9    | Identified the Handbook of the Evil Mountains
122691 | Zig:9    | Identified the +5 long sword "Boalusie" {freeze, rN+ Str+3
                  | SInv}
122692 | Zig:9    | Found the +14 obsidian axe {vorpal, Mesm Drain Fly SInv}
122740 | Zig:10   | Entered Level 10 of a ziggurat
122749 | Zig:10   | Noticed a Killer Klown
122749 | Zig:10   | Noticed a Killer Klown
122750 | Zig:10   | Noticed a Killer Klown
122752 | Zig:10   | Killed a Killer Klown
122752 | Zig:10   | Killed a Killer Klown
122753 | Zig:10   | Killed a Killer Klown
122961 | Hell     | Entered the Vestibule of Hell
122961 | Hell     | Noticed Geryon
124487 | Hell     | Noticed Murray
124492 | Depths:3 | Killed Murray
125674 | Hell     | Killed Geryon
125949 | Hell     | Found a gateway to the ashen valley of Gehenna.
125952 | Hell     | Reached skill level 15 in Shields
126220 | Hell     | Found a gateway to the decaying netherworld of Tartarus.
126306 | Hell     | Found a gateway to the freezing wastes of Cocytus.
126314 | Hell     | Paralysed by a wendigo for 1 turns
126434 | Hell     | Found a gateway to the Iron City of Dis.
126504 | Hell     | Upgraded the game from 0.30-a0-534-gdc55766716 to
                  | 0.30-a0-553-g7fabdf1491
126765 | D:7      | Bought a potion of resistance for 150 gold pieces
126918 | Elf:2    | Bought a wand of iceblast (3) for 237 gold pieces
127317 | Zot:5    | Entered Level 5 of the Realm of Zot
127503 | Zot:1    | Gained mutation: You are very dopey. (Int -4) [an orb of
                  | fire]
127506 | Zot:1    | Killed an orb of fire
128071 | Zot:5    | Noticed a dread lich
128090 | Zot:4    | Killed a dread lich
129809 | Zot:5    | Noticed an ancient lich
129820 | Zot:5    | Noticed an orb of fire
129821 | Zot:5    | Killed an ancient lich
129827 | Zot:5    | Killed an orb of fire
129829 | Zot:5    | Noticed a dread lich
129845 | Zot:5    | Noticed a Killer Klown
129845 | Zot:5    | Noticed a Killer Klown
129845 | Zot:5    | Noticed a Killer Klown
129847 | Zot:5    | Noticed a Killer Klown
129847 | Zot:5    | Noticed a Killer Klown
129847 | Zot:5    | Noticed a Killer Klown
130515 | Zot:5    | Killed a Killer Klown
130602 | Zot:5    | Killed a Killer Klown
130940 | Zot:5    | Noticed a dread lich
130947 | Zot:5    | Killed a dread lich
131072 | Zot:5    | Noticed an ancient lich
131074 | Zot:5    | Noticed a Killer Klown
131078 | Zot:5    | Killed an ancient lich
131091 | Zot:5    | Killed a Killer Klown
131304 | Zot:5    | Killed a dread lich
131393 | Zot:5    | Identified the +4 dagger of Autumn {antimagic, rN+ Str-3
                  | Int+7 Dex+2}
131398 | Zot:5    | Noticed a Killer Klown
131411 | Zot:5    | Killed a Killer Klown
131471 | Zot:5    | Noticed an ancient lich
131478 | Zot:5    | Killed an ancient lich
131672 | Zot:5    | Noticed a dread lich
131683 | Zot:5    | Killed a dread lich
131852 | Zot:5    | Killed a Killer Klown
131866 | Zot:5    | Noticed an orb of fire
131873 | Zot:5    | Killed an orb of fire
132068 | Zot:5    | Got the Orb of Zot
133044 | D:$      | Escaped with the Orb!

Illustrated notes

Levels and vault maps discovered:
D:1:      dpeg_arrival_radiant, layout_basic
D:2:      layout_basic
D:3:      layout_basic, kennysheep_minor_cross, grunt_ministairs_14,
          uniq_natasha, uniq_robin, uniq_sigmund
D:4:      layout_gridville, mainiacjoe_overflow_cross_hatched,
          minmay_ogre_servants
D:5:      layout_basic, kennysheep_generic_room_2, uniq_ijyb
D:6:      layout_basic, uniq_menkaure
D:7:      layout_loops_ring, minmay_temple_entry_mist, serial_shops,
          nicolae_lakefront_shop
D:8:      layout_basic, marbit_many_paths, mainiacjoe_overflow_swirl,
          special_room [special_room_orc], minivault_22,
          hangedman_decor_slide_cut
D:9:      layout_long_grid, hiddenorc2_lemuel, uniq_harold
D:10:     layout_cave_pools, led_xom_imps, nzn_wu_jian_council_hall,
          elyvilon_altar_3, david_lair_shrubbed, serial_shops, shop,
          serial_glass, glass_columns_c, glass_columns_a, glass_columns_a,
          glass_columns_b, minmay_holes, eino_tiny_chamber, uniq_fannar,
          uniq_maurice
D:11:     layout_basic, portal_ice_cave_entry_pillars_1, uniq_josephine,
          uniq_erolcha
D:12:     layout_long_grid, minmay_shop_enchanted_jewellery
D:13:     layout_basic, serial_shops, nicolae_shop_statue_plus,
          grunt_decor_clamped, kennysheep_generic_room_4
D:14:     minmay_swirls_squares, layout_long_grid, grunt_vaults_entry_tiered,
          zin_angel
D:15:     grunt_enter_depths_snipers, layout_basic,
          gammafunk_ghost_abyssal_escape, nicolae_kite_square_tiling_tiny,
          hangedman_decor_clover_reticule
Temple:   minmay_freezing_vapour_temple
Lair:1:   layout_hall_layers, uniq_nergalle
Lair:2:   layout_hall_layers, minmay_shoals_entry_lonely_mermaid, special_room
          [special_room_bee], grunt_megastairs_3, lemuel_fruit_tree,
          infiniplex_staircase_pool_2, serial_bayou_shore_a, lemuel_fruit_fields
Lair:3:   layout_chaotic_city, gammafunk_ghost_wrathful_warriors,
          grunt_forest_small_clearings, grunt_forest_stairs_basic, minivault_26,
          serial_bayou_shore_b
Lair:4:   layout_loops_ring, pdpol_lair_cavern_descent
Lair:5:   minmay_lair_end_frog_pond, layout_loops_ring,
          minmay_slime_entry_jelly_boxes, basic_altar
Shoals:1: layout_shoals, uniq_louise
Shoals:2: layout_shoals, nicolae_shoals_wave_tunnel, uniq_roxanne,
          uniq_polyphemus, uniq_ilsuiw
Shoals:3: layout_shoals, nicolae_shoals_lost_giant_baths,
          nicolae_shop_dragon_depot, nicolae_shoals_seven_spires
Shoals:4: shoals_end_simple, layout_shoals, uniq_bai_suzhen
Snake:1:  layout_grid_shapes, basic_altar, serial_shops,
          nicolae_shop_statue_plus
Snake:2:  gammafunk_sealed_library, layout_chambers, uniq_aizul, uniq_vashnia
Snake:3:  layout_misc_corridors, st_stairs_10, drop_trap, grunt_megastairs_5
Snake:4:  grunt_snake_rune_serpentine_throne, layout_cave_town,
          ebering_ghost_gozag, serial_shops, nicolae_shop_bloodbath_and_beyond,
          drop_trap, uniq_nikola, uniq_mara, uniq_agnes
Slime:1:  layout_caves
Slime:2:  cheibrodos_slime_lost_civilization_1, layout_caves
Slime:3:  layout_caves
Slime:4:  layout_caves, dissolution_awaits
Slime:5
Orc:1:    layout_caves, enter_volcano_1, minmay_orc_temple_c
Orc:2:    st_orc_congregation, layout_caves, uniq_donald
Elf:1:    layout_loops_cross, hangedman_corner_corridor, st_stairs_8,
          dk_noncrumbling_2, minmay_shoptagon
Elf:2:    nicolae_elf_blades_splatter_lattice [nicolae_blade_lattice],
          layout_loops_corners, lightli_enter_wizlab_magi_temple, serial_shops,
          shop_statue, shop, nicolae_shop_waterfront,
          nicolae_shop_window_shopping, nicolae_shop_overgrown_old_shop,
          minmay_shop_star
Elf:3:    minmay_elf_hall_furrowed, layout_geoelf_octagon, serial_shops,
          nicolae_shop_waterfront, nicolae_shop_competitors_out_of_business,
          shop, shop
Vaults:1: v_rooms_4, hangedman_vaults_impose, grunt_vaults_trifunnel,
          hangedman_vaults_nails, vaults_room_semicircle, v_pattern_4,
          vaults_dpeg_diagonal, layout_vaults_omnigrid
Vaults:2: nicolae_vaults_circle_grid_b, vaults_room_large_hall,
          vaults_dpeg_cross, st_smaller_cells, nicolae_vaults_angled_halls,
          nicolae_vaults_border_crossing, grunt_vaults_diagonal,
          vaults_room_pool, v_misc_18, nicolae_vaults_little_squares_6,
          layout_vaults_omnicross
Vaults:3: minmay_crypt_entry_simple_round, hangedman_vaults_corner_blocks,
          hangedman_vaults_nodes, vaults_room_door_hall, v_misc_18,
          nicolae_vaults_windows_and_doors_thing, hangedman_vaults_hat,
          v_misc_13, v_misc_10, nicolae_vaults_asterisk,
          vaults_dpeg_emergency_exit, nicolae_vaults_meeting,
          vaults_room_door_ring, layout_vaults_ring
Vaults:4: vaults_mumra_chevron_long, v_misc_8, nicolae_vaults_sealed_display,
          hangedman_vaults_snaps, nicolae_vaults_twisting_passages, v_misc_26,
          ontoclasm_vaults_tryst, v_misc_13, vaults_mumra_minichess_inversion,
          nicolae_vaults_yaktaur_gun_rack, layout_vaults_big_room
Vaults:5: uniq_xtahua
Crypt:1:  layout_chaotic_city, grunt_ministairs_8,
          amcnicky_mini_rare_corridor_liquid
Crypt:2:  layout_misc_corridors, hangedman_crypt_dual_shrines
Crypt:3:  lightli_unholy_cathedral, layout_chaotic_city,
          nicolae_tomb_entry_unfolded_pyramid_orthogonal, basic_altar
Depths:1: layout_basic, serial_shops, kennysheep_little_box,
          nicolae_lakefront_shop, nicolae_shop_behind_doors,
          hangedman_coc_ice_floe, nicolae_twisting_strands,
          grunt_gozag_breadcrumbs
Depths:2: ragdoll_tomb_raider, layout_cave_pools, enter_trove_3, hell_entry,
          minmay_misc_feat_tower, pan_entry, dispersion_dpeg
Depths:3: grunt_forest_end_chambers, layout_honeycomb, enter_ziggurat_d,
          kennysheep_small_spiral, abyss_entry, hell_entry,
          kennysheep_nondescript
Depths:4: evilmike_zot_entry_argh, layout_cave_shapes, dreamdust_wishing_well,
          grunt_hell_entry_dis_mu
Hell
Zot:1:    layout_misc_corridors, evilmike_ambush [evilmike_ambush_outer_basic,
          evilmike_ambush_inner_pond]
Zot:2:    minmay_elemental_castle, layout_basic, ebering_ghost_rock_garden
Zot:3:    ebering_klown_carousel, layout_onion_interference, uniq_parghit
Zot:4:    layout_basic
Zot:5:    layout_misc_corridors, hangedman_zot_decor_scrapings, st_stairs_11,
          skrybe_zot_glass_2

Skill      XL: |  1  2  3  4  5  6  7  8  9 10 11 12 13 14 15 16 17 18 19 20 21 22 23 24 25 26 27 |
---------------+----------------------------------------------------------------------------------+-----
Spellcasting   | 4 5 7 10 11 12 13 15 16 21 | 21.0
Shields        | 2 3 5 6 8 11 16 | 16.7
Fighting       | 12 14 15 16 17 21 | 21.0
Stealth        | 3 5 7 9 12 13 15 | 15.8
Dodging        | 4 6 7 8 10 13 14 15 17 19 | 19.9
Short Blades   | 6 7 11 | 11.0
Evocations     | 7 8 9 10 12 14 16 | 16.7
Armour         | 6 9 12 13 14 18 | 18.9
Long Blades    | 8 11 | 11.1
Throwing       | 4 9 |  9.6

Action                   |  1- 3 |  4- 6 |  7- 9 | 10-12 | 13-15 | 16-18 | 19-21 | 22-24 | 25-27 || total
-------------------------+-------+-------+-------+-------+-------+-------+-------+-------+-------++-------
Melee: Dagger            |    15 |    10 |    20 |       |       |       |       |       |       ||    45
       Short sword       |       |    16 |       |   207 |   617 |       |       |       |       ||   840
       Halberd           |       |     4 |       |       |       |       |       |       |       ||     4
       Hand axe          |       |       |    28 |   349 |       |       |       |       |       ||   377
       Punch             |       |       |     1 |       |       |       |       |       |       ||     1
       Quick blade       |       |       |       |       |   283 |   701 |   853 |   141 |     8 ||  1986
       Rapier            |       |       |       |       |       |       |   369 |   588 |   717 ||  1674
       Double sword      |       |       |       |       |       |       |       |   402 |  1739 ||  2141
 Fire: Sling             |       |       |       |       |       |       |     2 |       |       ||     2
Throw: Javelin           |       |       |       |     1 |     1 |     1 |       |     2 |     2 ||     7
       Boomerang         |       |       |       |       |       |       |     1 |       |       ||     1
 Cast: Freeze            |    50 |    19 |     8 |       |       |       |     5 |       |       ||    82
       Frozen Ramparts   |       |     5 |    11 |    31 |    28 |    14 |     9 |     3 |    15 ||   116
       Kiss of Death     |       |     1 |       |       |       |     1 |       |       |       ||     2
       Ozocubu's Armour  |       |       |     1 |     6 |    14 |     7 |     1 |     1 |     2 ||    32
       Summon Ice Beast  |       |       |       |    18 |    14 |     3 |     4 |       |     2 ||    41
       Summon Lightning  |       |       |       |     8 |     6 |    10 |    16 |    17 |    21 ||    78
       Call Imp          |       |       |       |     1 |       |     1 |     2 |     1 |     5 ||    10
       Vampiric Draining |       |       |       |     2 |    13 |     1 |       |     9 |    21 ||    46
       Fireball          |       |       |       |       |   157 |   136 |   236 |    70 |   256 ||   855
       Fulminant Prism   |       |       |       |       |     4 |       |     1 |       |     3 ||     8
       Statue Form       |       |       |       |       |     2 |     4 |     5 |     5 |     5 ||    21
       Eringya's Noxious |       |       |       |       |       |     9 |     4 |    23 |     2 ||    38
       Starburst         |       |       |       |       |       |       |    39 |    51 |   173 ||   263
       Maxwell's Capacit |       |       |       |       |       |       |       |     7 |    12 ||    19
       Monstrous Menager |       |       |       |       |       |       |       |     5 |    42 ||    47
       Lehudib's Crystal |       |       |       |       |       |       |       |       |   236 ||   236
       Shatter           |       |       |       |       |       |       |       |       |    64 ||    64
Invok: Curse Item        |       |       |       |     2 |     4 |     3 |     2 |     3 |     2 ||    16
       Shatter the Chain |       |       |       |       |     1 |     2 |     2 |     2 |     2 ||     9
Evoke: Wand              |       |     2 |       |    14 |     9 |    18 |    15 |    14 |    28 ||   100
       Tin of tremorston |       |       |       |       |       |     1 |       |       |     3 ||     4
       Condenser vane    |       |       |       |       |       |       |     2 |     2 |     8 ||    12
       Lightning rod     |       |       |       |       |       |       |       |     1 |     3 ||     4
       Box of beasts     |       |       |       |       |       |       |       |       |     7 ||     7
       Horn of Geryon    |       |       |       |       |       |       |       |       |     2 ||     2
       Phial of floods   |       |       |       |       |       |       |       |       |     2 ||     2
       Phantom mirror    |       |       |       |       |       |       |       |       |     1 ||     1
  Use: Scroll            |     5 |       |    10 |    12 |     7 |     8 |    18 |     6 |    29 ||    95
       Potion            |       |     2 |     2 |     3 |     4 |     8 |    12 |     5 |    50 ||    86
 Stab: Paralysed         |       |     1 |       |     1 |       |       |     1 |       |     1 ||     4
       Sleeping          |       |       |       |     9 |    18 |    31 |    28 |    26 |    43 ||   155
       Distracted        |       |       |       |     1 |       |     7 |    14 |     8 |    50 ||    80
       Invisible         |       |       |       |       |     1 |       |     1 |       |     2 ||     4
       Confused          |       |       |       |       |       |       |       |       |     1 ||     1
Armor: Robe              |     5 |     9 |    10 |   108 |   115 |    44 |    31 |       |       ||   322
       Skin              |       |       |       |       |    11 |    11 |    11 |   105 |    35 ||   173
       Quicksilver drago |       |       |       |       |       |       |    36 |   138 |   371 ||   545
       Acid dragon scale |       |       |       |       |       |       |       |       |   223 ||   223
Dodge: Dodged            |    19 |    29 |    22 |   438 |   430 |   221 |   417 |   538 |  1729 ||  3843
Block: Buckler           |       |       |     1 |   168 |   168 |   237 |   193 |       |       ||   767
       Reflection        |       |       |       |       |       |    45 |    76 |    63 |    53 ||   237
       Kite shield       |       |       |       |       |       |       |   408 |   836 |  1884 ||  3128

Table legend: (Time is in decaauts)
 A = Elapsed time spent in this place.
 B = Non-inter-level travel time spent in this place.
 C = Inter-level travel time spent in this place.
 D = Time resting spent in this place.
 E = Time spent auto-exploring this place.
 F = Levels seen in this place.
 G = Mean time per level.
                   A        B        C        D        E       F      G
               +--------+--------+--------+--------+--------+-----+--------+
         Total | 131216 | 121312 |   9904 |  67994 |  28328 |  69 | 1901.7 |
       Dungeon |  27766 |  24735 |   3031 |  11518 |   8690 |  15 | 1851.1 |
        Temple |     10 |      5 |      5 |      0 |      0 |   1 |   10.0 |
          Lair |  11985 |  10754 |   1231 |   5582 |   2860 |   5 | 2397.0 |
        Shoals |   9550 |   9328 |    222 |   5141 |   2671 |   4 | 2387.5 |
     Snake Pit |  10393 |   9930 |    463 |   5637 |   2178 |   4 | 2598.2 |
    Slime Pits |   4068 |   4068 |      0 |   3043 |      0 |   5 |  813.6 |
  Orcish Mines |   5042 |   4491 |    551 |   2799 |    867 |   2 | 2521.0 |
   Elven Halls |   9960 |   9039 |    921 |   5012 |   1707 |   3 | 3320.0 |
        Vaults |  17331 |  15633 |   1698 |   9432 |   3418 |   5 | 3466.2 |
         Crypt |   5408 |   5294 |    114 |   2573 |   1512 |   3 | 1802.7 |
        Depths |  12305 |  11235 |   1070 |   6931 |   2565 |   4 | 3076.2 |
          Hell |    721 |    701 |     20 |    151 |    344 |   1 |  721.0 |
           Zot |  13827 |  13256 |    571 |   8017 |   1516 |   5 | 2765.4 |
      Ziggurat |   1796 |   1796 |      0 |   1374 |      0 |  10 |  179.6 |
      Ice Cave |    657 |    657 |      0 |    528 |      0 |   1 |  657.0 |
       Volcano |    387 |    387 |      0 |    252 |      0 |   1 |  387.0 |
               +--------+--------+--------+--------+--------+-----+--------+

Top non-repeatable levels by time:
Depths:3: 5905 daAuts
   Elf:3: 5440 daAuts
Vaults:4: 4546 daAuts
Vaults:3: 4212 daAuts
 Snake:4: 3934 daAuts
  Lair:4: 3656 daAuts
 Snake:2: 3537 daAuts
Vaults:1: 3501 daAuts
   Zot:2: 3423 daAuts
   Zot:4: 2989 daAuts
    D:14: 2980 daAuts
Depths:4: 2911 daAuts
Shoals:1: 2900 daAuts
   Orc:2: 2875 daAuts
   Elf:2: 2834 daAuts
